[Event "Team 45 45 League T100"]
[Site "Internet Chess Club"]
[Date "2024.05.24"]
[Round "2"]
[White "fhunfi"]
[Black "julesraider"]
[Result "0-1"]
[WhiteElo "1738"]
[BlackElo "1632"]
[Opening "Caro-Kann: advance variation"]
[ECO "B12"]
[Time "21:32:37"]
[PlyCount "120"]
[TimeControl "2700+45"]

1. e4 c6 2. d4 d5 3. e5 c5 4. dxc5 e6 5. Qg4 Qa5+ 6. Nc3 Nc6 7. Bb5 Bd7 8. Bxc6
Bxc6 9. Nf3 Qxc5 10. O-O h6 11. Be3 Qb4 12. Qxb4 Bxb4 13. Ne2 Bb5 14. Nfd4 Bxe2
15. Nxe2 Ne7 16. c3 Ba5 17. Bd4 O-O 18. f4 Rfc8 19. Rad1 Rc6 20. g4 Bb6 21. f5
Bxd4+ 22. Nxd4 Ra6 23. a3 Rb6 24. Rd2 Nc6 25. fxe6 fxe6 26. Nxe6 Nxe5 27. Nc7
Rd8 28. Nxd5 Rbd6 29. Ne7+ Kh7 30. Re2 Nxg4 31. h3 Nf6 32. Nf5 R6d7 33. Rfe1 Kg6
34. Nd4 Kf7 35. Rf1 Re8 36. Rxe8 Kxe8 37. Re1+ Kf7 38. Kf2 Rd5 39. Re2 Nh5 40.
Kf3 g5 41. Rf2 Nf4 42. Ke4 Rd7 43. Rf3 Kf6 44. Rg3 Re7+ 45. Kf3 Nd3 46. Rg1 Nxb2
47. Nb5 a6 48. Nd6 Na4 49. Ne4+ Kg6 50. Rd1 Rf7+ 51. Kg3 Re7 52. Rd4 Nb2 53. Kf3
Rf7+ 54. Ke2 Rc7 55. Kd2 Nc4+ 56. Kd3 b5 57. Nd2 Ne5+ 58. Ke4 Nf7 59. c4 bxc4
60. Nxc4 Rxc4 {White resigns} 0-1

[Event "Team 45 45 League T100"]
[Site "Internet Chess Club"]
[Date "2024.05.27"]
[Round "2"]
[White "ARMAND02019"]
[Black "chesskix"]
[Result "1-0"]
[WhiteElo "1598"]
[BlackElo "1430"]
[Opening "Scandinavian (center counter) defense"]
[ECO "B01"]
[Time "20:08:59"]
[PlyCount "75"]
[TimeControl "2700+45"]

1. e4 d5 2. exd5 Qxd5 3. Nc3 Qa5 4. Nf3 c6 5. Bc4 e6 6. O-O Be7 7. d4 Nd7 8. a3
b5 9. Ba2 Bb7 10. Be3 Qd8 11. Re1 Ngf6 12. Ne5 Nxe5 13. dxe5 Nd5 14. Bd2 a6 15.
Ne4 O-O 16. c4 bxc4 17. Bxc4 Qb6 18. b4 Rad8 19. Qg4 f5 20. exf6 Bxf6 21. Nxf6+
Rxf6 22. Bg5 Qxf2+ 23. Kh1 Rdf8 24. Bxf6 Rxf6 25. Rf1 Qb2 26. Bxd5 cxd5 27. Rae1
Bc8 28. Rxf6 Qxf6 29. Qe2 Qc3 30. Qe3 Qb2 31. Rc1 Bd7 32. h3 d4 33. Qg5 Kf7 34.
Rc7 Qb1+ 35. Kh2 Ke8 36. Qxg7 Qg6 37. Qxd7+ Kf8 38. Rc8+ {Black resigns} 1-0

[Event "Team 45 45 League T100"]
[Site "Internet Chess Club"]
[Date "2024.05.25"]
[Round "2"]
[White "BIRDSMAN"]
[Black "Kingofknights"]
[Result "1-0"]
[WhiteElo "1416"]
[BlackElo "1493"]
[Opening "Queen's pawn game"]
[ECO "D04"]
[Time "14:07:32"]
[PlyCount "105"]
[TimeControl "2700+45"]

1. d4 d5 2. Nf3 Nf6 3. e3 Bg4 4. c4 e6 5. Qb3 b6 6. Ne5 Bf5 7. cxd5 exd5 8. Bb5+
Bd7 9. Nxd7 Nbxd7 10. Nc3 Be7 11. O-O O-O 12. Nxd5 Nxd5 13. Qxd5 Nf6 14. Qxd8
Rfxd8 15. Bd2 a6 16. Be2 c5 17. Bf3 Rab8 18. Rac1 cxd4 19. exd4 Rxd4 20. Be3 Rd7
21. Rc6 Bc5 22. Bxc5 bxc5 23. Rxc5 g6 24. Rc6 Kg7 25. Rxa6 Rxb2 26. h3 Rdd2 27.
a4 Ra2 28. a5 Nd5 29. Ra7 Nb4 30. Rc1 Nd3 31. Rb1 Ne5 32. Be4 Rd4 33. Bf3 Nxf3+
34. gxf3 Rd5 35. Rbb7 Rf5 36. Kg2 Raxa5 37. Rxf7+ Rxf7 38. Rxa5 h5 39. Kg3 Kh6
40. f4 Rf5 41. Rxf5 gxf5 42. Kh4 Kg6 43. f3 Kh6 44. Kg3 Kg7 45. Kf2 Kf6 46. Ke3
Ke7 47. Kd4 Ke6 48. Kc5 Ke7 49. Kd5 Kf6 50. Kd6 h4 51. Kd5 Kf7 52. Ke5 Kg6 53.
Ke6 {Black resigns} 1-0

[Event "Team 45 45 League T100"]
[Site "Internet Chess Club"]
[Date "2024.05.23"]
[Round "2"]
[White "tightfist"]
[Black "BrerRabbit"]
[Result "1-0"]
[WhiteElo "1497"]
[BlackElo "1303"]
[Opening "Réti opening"]
[ECO "A06"]
[Time "15:00:47"]
[PlyCount "69"]
[TimeControl "2700+45"]

1. Nf3 d5 2. e3 Nf6 3. b3 g6 4. Bb2 Bg7 5. d4 O-O 6. Bd3 Nbd7 7. O-O c5 8. Nbd2
b6 9. c4 e6 10. Rc1 Ba6 11. Qe2 dxc4 12. Nxc4 Nd5 13. a3 Rc8 14. Nd6 Bxd3 15.
Qxd3 N7f6 16. Nxc8 Qxc8 17. dxc5 bxc5 18. Qc4 Qb7 19. Rfd1 Rb8 20. Rd3 Bf8 21.
h3 Be7 22. Ne5 h5 23. Kf1 Nb6 24. Qc2 Nbd5 25. f3 a5 26. Nc4 Qb5 27. Kf2 Nb6 28.
Nxb6 Rxb6 29. Qc4 Qc6 30. Be5 Nd7 31. Ba1 Qc7 32. Qc3 f6 33. Qxa5 Qb7 34. Qa4
Ra6 35. Qxd7 {Black resigns} 1-0

[Event "Team 45 45 League T100"]
[Site "Internet Chess Club"]
[Date "2024.05.24"]
[Round "2"]
[White "Portola"]
[Black "Gojira"]
[Result "0-1"]
[WhiteElo "1626"]
[BlackElo "1647"]
[Opening "Queen's pawn game, Darooha variation "]
[ECO "D02"]
[Time "16:03:16"]
[PlyCount "32"]
[TimeControl "2700+45"]

1. d4 d5 2. Nf3 Nf6 3. c3 Bf5 4. Nbd2 c6 5. e3 e6 6. Be2 h6 7. O-O Bd6 8. b3
Nbd7 9. Bb2 Ne4 10. Nxe4 dxe4 11. Nd2 Nf6 12. c4 h5 13. c5 Bxh2+ 14. Kxh2 Ng4+
15. Bxg4 hxg4+ 16. Kg1 Qh4 {White resigns} 0-1

[Event "Team 45 45 League T100"]
[Site "Internet Chess Club"]
[Date "2024.05.24"]
[Round "2"]
[White "Rookmaster"]
[Black "Signofthetimes"]
[Result "0-1"]
[WhiteElo "1477"]
[BlackElo "1522"]
[Opening "Caro-Kann defense"]
[ECO "B15"]
[Time "23:00:21"]
[PlyCount "72"]
[TimeControl "2700+45"]

1. e4 c6 2. d4 d5 3. Nc3 a6 4. Bd3 e6 5. e5 Bb4 6. Nf3 h6 7. O-O Bxc3 8. bxc3
Ne7 9. a4 Nd7 10. Ba3 O-O 11. Bd6 Re8 12. a5 Nf5 13. Bxf5 exf5 14. Nd2 b6 15.
Nb3 c5 16. axb6 c4 17. Bc7 Qe7 18. Nc5 Nxc5 19. Bd6 Qg5 20. Bxc5 Bb7 21. f4 Qg6
22. Rf3 Rac8 23. Bd6 Rc6 24. Bc7 Ra8 25. Qb1 Qg4 26. Qb4 Rg6 27. Rf2 Re8 28. g3
h5 29. Raf1 h4 30. Rf3 Ree6 31. Bd6 Qh3 32. Kf2 Qxh2+ 33. Ke1 hxg3 34. Kd1 g2
35. Re1 g1=Q 36. Rff1 Qgg2 {White resigns} 0-1

[Event "Team 45 45 League T100"]
[Site "Internet Chess Club"]
[Date "2024.05.27"]
[Round "2"]
[White "nosir"]
[Black "BlueStorm"]
[Result "0-1"]
[WhiteElo "1435"]
[BlackElo "1552"]
[Opening "Modern defense"]
[ECO "A40"]
[Time "15:00:26"]
[PlyCount "148"]
[TimeControl "2700+45"]

1. d4 g6 2. Bf4 Bg7 3. e3 Nf6 4. Nd2 d6 5. Be2 Nbd7 6. Ngf3 b6 7. O-O Nh5 8. c3
Nxf4 9. exf4 Bb7 10. Bd3 O-O 11. Qe2 c5 12. Ba6 Bxa6 13. Qxa6 Qc8 14. Qd3 Qb7
15. Rfe1 e6 16. dxc5 Nxc5 17. Qe3 Rfe8 18. Nc4 Rad8 19. Rad1 d5 20. Nce5 Nd7 21.
Nxd7 Rxd7 22. Nh4 Rde7 23. Qd3 Qc7 24. g3 Rd8 25. Nf3 Red7 26. Ne5 Bxe5 27. fxe5
Qc4 28. Qf3 Qxa2 29. Rd2 a5 30. Red1 Qa4 31. Rd4 Qc6 32. R1d3 Qc7 33. Qe3 Rf8
34. c4 Rfd8 35. cxd5 Rxd5 36. Rxd5 Rxd5 37. Rxd5 exd5 38. e6 fxe6 39. Qxe6+ Kf8
40. Qf6+ Ke8 41. Qe6+ Qe7 42. Qxd5 Qe1+ 43. Kg2 Qb4 44. Qe5+ Qe7 45. Qb5+ Qd7
46. Qxb6 Qd5+ 47. f3 Qd2+ 48. Qf2 Qb4 49. Qe2+ Kf7 50. Qc2 a4 51. Qc7+ Kg8 52.
Qc2 Kg7 53. h4 h5 54. Qc7+ Kh6 55. Qf4+ Qxf4 56. gxf4 Kg7 57. Kf2 Kf6 58. Ke3
Kf5 59. Kf2 Kxf4 60. Kg2 Ke3 61. Kg3 Kd3 62. Kf4 Kc2 63. Kg5 Kxb2 64. Kxg6 a3
65. f4 a2 66. f5 a1=Q 67. f6 Qg1+ 68. Kxh5 Qg8 69. Kh6 Kc3 70. h5 Kd4 71. f7
Qxf7 72. Kg5 Qh7 73. h6 Ke5 74. Kh5 Kf5 {White resigns} 0-1

[Event "Team 45 45 League T100"]
[Site "Internet Chess Club"]
[Date "2024.05.28"]
[Round "2"]
[White "trogers41"]
[Black "herrahuu"]
[Result "0-1"]
[WhiteElo "1421"]
[BlackElo "1376"]
[Opening "Caro-Kann: advance variation"]
[ECO "B12"]
[Time "10:00:33"]
[PlyCount "96"]
[TimeControl "2700+45"]

1. e4 c6 2. d4 d5 3. e5 c5 4. dxc5 e6 5. Be3 Nd7 6. Nf3 Nxc5 7. Be2 Nh6 8. O-O
Nf5 9. Bxc5 Bxc5 10. c3 O-O 11. Nbd2 a6 12. Nb3 Ba7 13. Nbd4 Nxd4 14. cxd4 b5
15. b4 Bd7 16. Rc1 Qe7 17. Qd2 Rfc8 18. Rxc8+ Rxc8 19. a3 h6 20. Rc1 Rxc1+ 21.
Qxc1 Qd8 22. Bd3 a5 23. Qc3 axb4 24. axb4 Kf8 25. Kf1 Bb6 26. Qa3 Qc8 27. Ke2 g5
28. g4 f5 29. exf6 Kf7 30. Ne5+ Kxf6 31. Qa1 Be8 32. h3 Qb7 33. Ke3 Qc7 34. Ke2
Bxd4 35. Qxd4 Qxe5+ 36. Qxe5+ Kxe5 37. Ke3 d4+ 38. Kf3 Bc6+ 39. Kg3 Kd5 40. f4
gxf4+ 41. Kxf4 e5+ 42. Kf5 Bd7+ 43. Kg6 e4 44. Be2 d3 45. Bd1 e3 46. Bf3+ Kd4
47. Kxh6 e2 48. Bxe2 dxe2 {White resigns} 0-1

[Event "Team 45 45 League T100"]
[Site "Internet Chess Club"]
[Date "2024.05.23"]
[Round "2"]
[White "elmaestro"]
[Black "QuieroAprender"]
[Result "0-1"]
[WhiteElo "1643"]
[BlackElo "1688"]
[Opening "Bird's opening"]
[ECO "A02"]
[Time "15:18:36"]
[PlyCount "110"]
[TimeControl "2700+45"]

1. f4 Nf6 2. e3 d5 3. Nf3 Bf5 4. d3 h6 5. Be2 Nbd7 6. O-O e6 7. Nc3 c6 8. a3 Bd6
9. Qe1 Qc7 10. Bd1 Bh7 11. Qh4 O-O-O 12. b4 g5 13. Qf2 Ng4 14. Qe2 gxf4 15. exf4
Bxf4 16. Bxf4 Qxf4 17. g3 Qe3+ 18. Qxe3 Nxe3 19. Re1 Nf5 20. Ne5 Nxe5 21. Rxe5
Nd4 22. Kf2 f6 23. Re1 e5 24. Ne2 Ne6 25. Nc3 e4 26. dxe4 d4 27. Bg4 dxc3 28.
Bxe6+ Kc7 29. Bf5 Bxf5 30. exf5 Rd2+ 31. Re2 Rhd8 32. Re1 R8d5 33. g4 h5 34. h3
hxg4 35. hxg4 Kd6 36. Kf3 Rxe2 37. Rxe2 Rd2 38. Ke3 Ke5 39. Rxd2 cxd2 40. Kxd2
Kf4 41. Kd3 Kxg4 42. Ke4 b5 43. c3 a6 44. Kd4 Kxf5 45. Kc5 Ke4 46. Kxc6 f5 47.
Kb6 Kd5 48. Kxa6 Kc4 49. a4 bxa4 50. b5 a3 51. b6 a2 52. b7 a1=Q+ 53. Kb6 Qb1+
54. Kc6 Qxb7+ 55. Kxb7 f4 {White resigns} 0-1

[Event "Team 45 45 League T100"]
[Site "Internet Chess Club"]
[Date "2024.05.26"]
[Round "2"]
[White "justice02"]
[Black "Maybeiwill"]
[Result "0-1"]
[WhiteElo "1524"]
[BlackElo "1565"]
[Opening "Sicilian"]
[ECO "B50"]
[Time "14:09:34"]
[PlyCount "60"]
[TimeControl "2700+45"]

1. e4 c5 2. Nf3 d6 3. Nc3 Nc6 4. g3 e5 5. Bg2 g6 6. O-O Bg7 7. d3 Nge7 8. Bg5 h6
9. Be3 O-O 10. Qd2 Kh7 11. a3 Nd4 12. Ne1 f5 13. f4 exf4 14. Rxf4 g5 15. Rf2 f4
16. gxf4 gxf4 17. Bxf4 Ng6 18. Be3 Bg4 19. Nd5 Qh4 20. Nf4 Nxf4 21. Bxf4 Ne2+
22. Rxe2 Bxe2 23. Bg3 Bd4+ 24. Kh1 Qh5 25. Bxd6 Rf2 26. Bg3 Raf8 27. Bxf2 Rxf2
28. c3 Qf7 29. Nc2 Qg7 30. Rg1 Qxg2+ {White resigns} 0-1

[Event "Team 45 45 League T100"]
[Site "Internet Chess Club"]
[Date "2024.05.23"]
[Round "2"]
[White "burlap"]
[Black "RD1974"]
[Result "0-1"]
[WhiteElo "1465"]
[BlackElo "1588"]
[Opening "King's pawn opening"]
[ECO "B07"]
[Time "16:00:10"]
[PlyCount "102"]
[TimeControl "2700+45"]

1. e4 d6 2. d4 g6 3. b3 Bg7 4. Bb2 c5 5. c3 Nf6 6. Nd2 O-O 7. Bb5 a6 8. Bc4 b5
9. Bd3 Bb7 10. Ngf3 Nc6 11. d5 Nb8 12. c4 b4 13. O-O a5 14. e5 Ng4 15. h3 Nxe5
16. Nxe5 dxe5 17. Nf3 f6 18. Re1 Nd7 19. Qc2 Qe8 20. Rad1 Rd8 21. g3 e6 22. h4
exd5 23. cxd5 Bxd5 24. Bxg6 Qxg6 25. Qxg6 hxg6 26. Rxd5 Rf7 27. Red1 Kf8 28. Nd2
Ke8 29. Nc4 Bf8 30. Bc1 Ra8 31. Rxd7 Rxd7 32. Rxd7 Kxd7 33. Nb6+ Kc6 34. Nxa8
Kb7 35. Kg2 Kxa8 36. f4 e4 37. Kf2 f5 38. Be3 Kb7 39. g4 Kc6 40. gxf5 gxf5 41.
h5 Kb5 42. Kg3 Bg7 43. Kh4 Bf6+ 44. Kg3 a4 45. h6 axb3 46. axb3 c4 47. bxc4+
Kxc4 48. Bc1 b3 49. h7 Kd3 50. Ba3 e3 51. Be7 Bh8 {White resigns} 0-1

[Event "Team 45 45 League T100"]
[Site "Internet Chess Club"]
[Date "2024.05.25"]
[Round "2"]
[White "mongmong"]
[Black "Visin"]
[Result "1-0"]
[WhiteElo "1451"]
[BlackElo "1273"]
[Opening "Queen's pawn game, Chigorin variation"]
[ECO "D02"]
[Time "10:02:15"]
[PlyCount "95"]
[TimeControl "2700+45"]

1. d4 d5 2. Nf3 Nc6 3. e3 Nf6 4. c3 e6 5. Bd3 Bd7 6. Nbd2 Bd6 7. O-O e5 8. dxe5
Nxe5 9. Nxe5 Bxe5 10. f4 Bd6 11. e4 dxe4 12. Nxe4 Qe7 13. Nxd6+ Qxd6 14. Qe2+
Kd8 15. Qc2 a5 16. Be3 Ng4 17. Rae1 Nxe3 18. Rxe3 g6 19. Qf2 f5 20. Rfe1 Re8 21.
g3 c5 22. Rxe8+ Bxe8 23. Qe3 Bf7 24. a3 Rc8 25. Bb5 Kc7 26. Qe7+ Qxe7 27. Rxe7+
Kb6 28. Rxf7 Kxb5 29. Rxb7+ Kc4 30. a4 h6 31. Kf2 Rc6 32. Ke2 Rd6 33. Rb5 Ra6
34. Kd2 Rd6+ 35. Kc2 Ra6 36. b3+ Kd5 37. Kd3 Kc6 38. Kc4 Ra7 39. Rxc5+ Kb6 40.
Rd5 Rc7+ 41. Kd3 Rc6 42. Kd4 Re6 43. Re5 Rd6+ 44. Kc4 Rc6+ 45. Kd3 Rd6+ 46. Kc2
Rc6 47. c4 Rd6 48. c5+ {Black resigns} 1-0

[Event "Team 45 45 League T100"]
[Site "Internet Chess Club"]
[Date "2024.05.26"]
[Round "2"]
[White "VictorRed"]
[Black "clarinetref"]
[Result "1-0"]
[WhiteElo "1721"]
[BlackElo "1473"]
[Opening "Queen's pawn game"]
[ECO "A45"]
[Time "20:08:35"]
[PlyCount "125"]
[TimeControl "2700+45"]

1. d4 Nf6 2. g3 e6 3. Bg2 d5 4. Nf3 b6 5. O-O Bb7 6. Nc3 Nbd7 7. Bg5 Be7 8. Ne5
h6 9. Nxd7 Qxd7 10. Bf4 a6 11. Qd3 Bd6 12. Bxd6 Qxd6 13. e4 dxe4 14. Nxe4 Nxe4
15. Bxe4 Bxe4 16. Qxe4 O-O 17. c3 Qd5 18. Qf4 Rac8 19. Rfe1 Qb5 20. b3 g5 21.
Qg4 Qd3 22. Re3 Qg6 23. Rae1 c5 24. dxc5 Rxc5 25. a4 h5 26. Qb4 Rfc8 27. Qxb6
Rxc3 28. Qxa6 Qc2 29. Qb5 R3c5 30. Qe2 Qg6 31. b4 Rc4 32. Re4 Rc2 33. Qe3 R8c3
34. Qd4 Rf3 35. Rf1 Qf5 36. Re5 Qf6 37. Re4 Qf5 38. Ree1 h4 39. Re5 Qf6 40. Re4
Qf5 41. Re5 Qg6 42. Qd8+ Kh7 43. Rxg5 Qf6 44. Rh5+ Kg6 45. Qxf6+ Kxf6 46. Rxh4
Ra3 47. a5 Rb2 48. Rf4+ Kg6 49. Rd1 Rab3 50. Ra1 Rxb4 51. Rxb4 Rxb4 52. a6 Rb8
53. a7 Ra8 54. Kg2 Kf5 55. Kf3 e5 56. g4+ Ke6 57. Ke4 f6 58. h4 Kd6 59. Kf5 Kc6
60. Ra2 Kb6 61. Kxf6 Rf8+ 62. Kxe5 Ra8 63. h5 {Black resigns} 1-0

[Event "Team 45 45 League T100"]
[Site "Internet Chess Club"]
[Date "2024.05.25"]
[Round "2"]
[White "DaveTheRook"]
[Black "vollmerj"]
[Result "0-1"]
[WhiteElo "1403"]
[BlackElo "1538"]
[Opening "King's Indian: Sämisch, 5...O-O"]
[ECO "E81"]
[Time "19:00:23"]
[PlyCount "58"]
[TimeControl "2700+45"]

1. d4 Nf6 2. c4 g6 3. Nc3 Bg7 4. e4 d6 5. f3 O-O 6. Be3 Nbd7 7. Qd2 e5 8. d5 a6
9. Bd3 c6 10. Nge2 cxd5 11. cxd5 b5 12. b4 Bb7 13. O-O Rc8 14. Rfc1 Nb6 15. Kh1
Nc4 16. Bxc4 Rxc4 17. Rc2 Qc7 18. Rac1 Rc8 19. a3 Nd7 20. Ra2 Nb6 21. Nd1 Rxc1
22. Qxc1 Qxc1 23. Bxc1 f5 24. Ndc3 fxe4 25. fxe4 Nc4 26. Kg1 Bf6 27. Kf1 Rf8 28.
Kg1 Bd8 29. Bh6 Bb6+ {White resigns} 0-1

[Event "Team 45 45 League T100"]
[Site "Internet Chess Club"]
[Date "2024.05.25"]
[Round "2"]
[White "fireball"]
[Black "garytd"]
[Result "0-1"]
[WhiteElo "1514"]
[BlackElo "1516"]
[Opening "Sicilian: Smith-Morra gambit"]
[ECO "B21"]
[Time "09:03:15"]
[PlyCount "76"]
[TimeControl "2700+45"]

1. e4 c5 2. d4 cxd4 3. c3 d3 4. Bxd3 g6 5. Nf3 Bg7 6. Bf4 d6 7. O-O Nc6 8. Na3
Nf6 9. Nc4 Nh5 10. Be3 b5 11. Ncd2 a6 12. a3 O-O 13. h3 Bb7 14. g4 Nf6 15. Nh2
Ne5 16. Bc2 Rc8 17. g5 Nh5 18. f4 Nc4 19. Nxc4 Rxc4 20. Qf3 Kh8 21. f5 Be5 22.
Ng4 Qa8 23. Nxe5 dxe5 24. fxg6 hxg6 25. Rad1 Bxe4 26. Bxe4 Rxe4 27. Rd7 f5 28.
Rxe7 Qc8 29. Rd1 Nf4 30. Bxf4 Qc5+ 31. Be3 Qxe7 32. Qf2 Rd8 33. Rxd8+ Qxd8 34.
Qf3 Qd3 35. Kf2 f4 36. Bc1 Qc2+ 37. Kf1 Qxc1+ 38. Kf2 Qd2+ {White resigns} 0-1

[Event "Team 45 45 League T100"]
[Site "Internet Chess Club"]
[Date "2024.05.24"]
[Round "2"]
[White "Electryon"]
[Black "isolani"]
[Result "0-1"]
[WhiteElo "1509"]
[BlackElo "1436"]
[Opening "Caro-Kann: closed (Breyer) variation"]
[ECO "B10"]
[Time "16:01:21"]
[PlyCount "78"]
[TimeControl "2700+45"]

1. e4 c6 2. d3 e5 3. Nf3 d6 4. g3 Be7 5. Bg2 Nf6 6. Nbd2 Bg4 7. h3 Bh5 8. O-O
Nbd7 9. Qe1 Qc7 10. Nh4 Bg6 11. Qe3 d5 12. c3 dxe4 13. Nxe4 Nd5 14. Qf3 Bxe4 15.
Qxe4 N7f6 16. Qa4 Nb6 17. Qa5 O-O 18. Nf5 Bd8 19. Re1 Qd7 20. Qxe5 Re8 21. Qxe8+
Nxe8 22. Nd4 Bf6 23. Be3 Nd6 24. Rad1 Re8 25. Nf3 Nd5 26. d4 Nxe3 27. fxe3 Ne4
28. Kh2 Qc7 29. Ne5 Bxe5 30. dxe5 Qxe5 31. Bxe4 Qxe4 32. Rd4 Qc2+ 33. Kh1 Qxb2
34. Red1 Qxc3 35. Rd8 Kf8 36. Rxe8+ Kxe8 37. Re1 Qd2 38. Rb1 c5 39. Rxb7 Qd5+
{White resigns} 0-1

[Event "Team 45 45 League T100"]
[Site "Internet Chess Club"]
[Date "2024.05.24"]
[Round "2"]
[White "clarinetref"]
[Black "Kingofknights"]
[Result "0-1"]
[WhiteElo "1480"]
[BlackElo "1514"]
[Opening "Caro-Kann defense"]
[ECO "B10"]
[Time "20:01:45"]
[PlyCount "158"]
[TimeControl "2700+45"]

1. e4 c6 2. Nf3 d5 3. exd5 cxd5 4. Ne5 Nf6 5. d4 a6 6. Bd3 Qb6 7. b3 Nc6 8. Be3
Nb4 9. Nc3 Nxd3+ 10. Qxd3 Bg4 11. O-O e6 12. Na4 Qc7 13. Bf4 Bd6 14. Nxg4 Nxg4
15. Bxd6 Qxd6 16. Qg3 Qxg3 17. hxg3 Ke7 18. Rfe1 Nf6 19. Rac1 Rhc8 20. Nb6 Kd6
21. Nxa8 Rxa8 22. c4 Rc8 23. c5+ Kc6 24. f3 Kb5 25. a3 a5 26. Kf2 Ng8 27. Rb1
Ne7 28. Rh1 h6 29. g4 Nc6 30. Ke3 Rc7 31. Rh5 a4 32. g5 hxg5 33. Rxg5 g6 34. Kd3
Na5 35. bxa4+ Kxa4 36. Kc3 Nc4 37. Rg3 Ka5 38. f4 b6 39. Kc2 bxc5 40. Rgb3 cxd4
41. Rb5+ Ka6 42. Kd3 Nxa3 43. Rb6+ Ka5 44. R1b3 Nc4 45. Rb8 Ka6 46. Rb1 Ka7 47.
R8b4 Ka6 48. Kxd4 f6 49. Ra1+ Na5 50. Rba4 Rc4+ 51. Rxc4 dxc4 52. Kc3 Kb5 53.
Rb1+ Nb3 54. Re1 Nc5 55. Rb1+ Nb3 56. Rd1 Kc5 57. Re1 Kd5 58. g4 Nc5 59. f5 exf5
60. gxf5 g5 61. Re3 Ne4+ 62. Kc2 g4 63. Re2 Ke5 64. Rg2 Kxf5 65. Kd1 Kf4 66. Rc2
c3 67. Ke2 g3 68. Kf1 Kf3 69. Re2 f5 70. Rc2 f4 71. Kg1 Ke3 72. Kg2 f3+ 73. Kh1
Kd3 74. Rc1 Nf2+ 75. Kg1 Nh3+ 76. Kh1 g2+ 77. Kh2 g1=Q+ 78. Rxg1 Nxg1 79. Kxg1
c2 {White resigns} 0-1

[Event "Team 45 45 League T100"]
[Site "Internet Chess Club"]
[Date "2024.05.24"]
[Round "2"]
[White "jjmolina1"]
[Black "herrahuu"]
[Result "1-0"]
[WhiteElo "1481"]
[BlackElo "1356"]
[Opening "Caro-Kann defense"]
[ECO "B10"]
[Time "12:00:09"]
[PlyCount "37"]
[TimeControl "2700+45"]

1. e4 c6 2. Nf3 d5 3. d3 dxe4 4. dxe4 Qxd1+ 5. Kxd1 Nf6 6. Nc3 Nbd7 7. Bd3 e5 8.
Ke2 Bd6 9. Rd1 O-O 10. Bg5 h6 11. Bh4 Re8 12. Kf1 g5 13. Bg3 Nh5 14. Ba6 Bc7 15.
Bxb7 Bxb7 16. Rxd7 Ba6+ 17. Kg1 Nxg3 18. Rxc7 Nh5 19. Rxc6 {Black resigns} 1-0

[Event "Team 45 45 League T100"]
[Site "Internet Chess Club"]
[Date "2024.05.25"]
[Round "2"]
[White "SeniorCitizen"]
[Black "Constrictor"]
[Result "0-1"]
[WhiteElo "1103"]
[BlackElo "1416"]
[Opening "Caro-Kann: advance variation"]
[ECO "B12"]
[Time "12:00:51"]
[PlyCount "48"]
[TimeControl "2700+45"]

1. e4 c6 2. d4 d5 3. e5 Bf5 4. Bd3 Bxd3 5. Qxd3 e6 6. Nf3 Qa5+ 7. c3 Qa6 8. Qxa6
Nxa6 9. O-O c5 10. Be3 b6 11. Na3 cxd4 12. Bxd4 Bxa3 13. bxa3 Ne7 14. Rab1 Nc6
15. Rb3 Ke7 16. Rfb1 Rhc8 17. g3 Rc7 18. h4 Rac8 19. a4 Nab8 20. Rb5 Na5 21. Nd2
Nbc6 22. Kf1 Nxd4 23. cxd4 Rc2 24. R1b2 R8c3 {White resigns} 0-1

[Event "Team 45 45 League T100"]
[Site "Internet Chess Club"]
[Date "2024.05.24"]
[Round "2"]
[White "rgadoury"]
[Black "thundercat1"]
[Result "1-0"]
[WhiteElo "1125"]
[BlackElo "1002"]
[Opening "Sicilian defense"]
[ECO "B30"]
[Time "19:00:18"]
[PlyCount "97"]
[TimeControl "2700+45"]

1. e4 c5 2. Nf3 Nc6 3. b3 e5 4. Bb2 d6 5. Bc4 Nh6 6. h3 Be7 7. O-O a6 8. Nc3 b5
9. Bd3 O-O 10. Nd5 Be6 11. Nxe7+ Qxe7 12. Be2 f6 13. c3 Bf7 14. d3 Bg6 15. Bc1
Nf7 16. Nh4 Rfc8 17. Nxg6 Qd8 18. Nh4 Ne7 19. Bg4 Rc7 20. Be6 Qf8 21. Bxf7+ Qxf7
22. f4 Rd8 23. fxe5 dxe5 24. Nf5 Ng6 25. Bh6 Rcd7 26. Rf3 c4 27. b4 Rxd3 28.
Rxd3 Rxd3 29. Qc2 Qa7+ 30. Kh2 gxh6 31. Nxh6+ Kg7 32. Nf5+ Kf7 33. Rd1 Nf4 34.
Rxd3 cxd3 35. Qd2 Qb6 36. g3 Ne2 37. Ne3 Qd8 38. Nd5 Qg8 39. Qxd3 Nxg3 40. Qxg3
Qc8 41. h4 Qc4 42. Qg2 h5 43. Kh3 Qd3+ 44. Kh2 Qc4 45. Qf2 Qxe4 46. Qxf6+ Kg8
47. Ne7+ Kh7 48. Qf7+ Kh6 49. Ng8# {Black checkmated} 1-0

[Event "Team 45 45 League T100"]
[Site "Internet Chess Club"]
[Date "2024.05.27"]
[Round "2"]
[White "vollmerj"]
[Black "noblitz-oblige"]
[Result "0-1"]
[WhiteElo "1520"]
[BlackElo "1509"]
[Opening "Réti opening"]
[ECO "A04"]
[Time "06:11:51"]
[PlyCount "74"]
[TimeControl "2700+45"]

1. Nf3 Nc6 2. d4 d6 3. e4 Nf6 4. Bd3 e5 5. dxe5 dxe5 6. O-O h6 7. Nc3 Bc5 8. a3
O-O 9. b4 Bb6 10. Bb2 Re8 11. Na4 Bg4 12. h3 Bh5 13. Nxb6 axb6 14. Qe2 Nd4 15.
Bxd4 exd4 16. Rfe1 c5 17. e5 Nd5 18. g4 Nf4 19. Qe4 Nxh3+ 20. Kh2 Bg6 21. Qxb7
Bxd3 22. cxd3 Nxf2 23. Kg2 Nxd3 24. Red1 Nxe5 25. Nxe5 Rxe5 26. Rf1 Qd5+ 27.
Qxd5 Rxd5 28. bxc5 bxc5 29. a4 c4 30. Kf3 Re5 31. Rfd1 d3 32. Ra3 g5 33. Rc1 d2
34. Rd1 Rd8 35. Rc3 Re1 36. Rxd2 Rxd2 37. Rxc4 Ra1 {White resigns} 0-1

[Event "Team 45 45 League T100"]
[Site "Internet Chess Club"]
[Date "2024.05.25"]
[Round "2"]
[White "sdcohle"]
[Black "isolani"]
[Result "1/2-1/2"]
[WhiteElo "1388"]
[BlackElo "1434"]
[Opening "Scandinavian (center counter) defense"]
[ECO "B01"]
[Time "17:00:13"]
[PlyCount "78"]
[TimeControl "2700+45"]

1. e4 d5 2. exd5 Qxd5 3. Nc3 Qd8 4. d4 Nf6 5. Nf3 Bg4 6. h3 Bh5 7. Be2 e6 8. Be3
Be7 9. O-O O-O 10. Ne5 Bxe2 11. Qxe2 Nd5 12. Nxd5 exd5 13. Qf3 Nc6 14. Nxc6 bxc6
15. Rfd1 Qd7 16. Rac1 Rab8 17. b3 Ba3 18. Rb1 Qe6 19. Re1 Bb4 20. Bd2 Qd6 21. c3
Ba5 22. b4 Bb6 23. a4 a5 24. b5 cxb5 25. Rxb5 c6 26. Bf4 Qf6 27. Rb3 Bc7 28.
Rxb8 Bxb8 29. g3 g5 30. Qg4 Bxf4 31. gxf4 Qxf4 32. Qd7 Kh8 33. Qxc6 g4 34. Re3
gxh3 35. Rxh3 Rg8+ 36. Kf1 Qc1+ 37. Ke2 Qc2+ 38. Ke3 Qc1+ 39. Ke2 Qc2+ {Game
drawn by mutual agreement} 1/2-1/2

[Event "Team 45 45 League T100"]
[Site "Internet Chess Club"]
[Date "2024.05.26"]
[Round "2"]
[White "rjhoro"]
[Black "Denis240964"]
[Result "1/2-1/2"]
[WhiteElo "1192"]
[BlackElo "1320"]
[Opening "Queen's pawn, Mason variation"]
[ECO "D00"]
[Time "17:00:22"]
[PlyCount "90"]
[TimeControl "2700+45"]

1. d4 d5 2. Bf4 Nf6 3. e3 e6 4. Nf3 c5 5. c3 Nc6 6. Bd3 c4 7. Bc2 b5 8. a3 Be7
9. O-O O-O 10. Nbd2 Bb7 11. b4 Nh5 12. Be5 Nxe5 13. Nxe5 g6 14. Qg4 Kg7 15. Qe2
Bd6 16. f4 f5 17. g4 Nf6 18. g5 Bxe5 19. fxe5 Ne4 20. Nxe4 dxe4 21. Qg2 a5 22.
Qg3 Qc7 23. Qh4 Kg8 24. Kf2 axb4 25. cxb4 Ra7 26. Ra2 c3 27. Kg1 Bd5 28. Raa1
Rfa8 29. a4 bxa4 30. Ra3 Qc4 31. Rb1 Rc7 32. Qf2 Rb8 33. Rxa4 Qb5 34. Qe1 Rbc8
35. Kf2 Rb7 36. Ra5 Qb6 37. Rc5 Rxc5 38. bxc5 Qa6 39. Rxb7 Qxb7 40. Qxc3 Kf7 41.
Kg3 Ke8 42. Ba4+ Bc6 43. Bxc6+ Qxc6 44. h4 Kd8 45. Qc4 Kd7 {Game drawn by mutual
agreement} 1/2-1/2